Unix NetHack Version 5.0.0-0 post-release - last build May  4 2026 22:22:43 (774f63e81ad911689b3a0859ea89b322d5daca8d,branch:main).

Game began 2026-05-05 08:50:28, ended 2026-05-05 10:05:15.

01246791210, neutral male human Barbarian

                                                                  #
                                                -------###########
                                  #######     ##......|#
                                  #-----------# |......#
                                  #.......(..|# |.....|#
                                   |.$.......|##+...<.|#
                                   |...{......##-------##
                                   ----...----##########
                                      |.@G.####
                                      |...|
                                      -----

01246791210 the Pillager   St:18 Dx:16 Co:18 In:7 Wi:7 Ch:7  Neutral
Dlvl:4  $:77 HP:0(52) Pw:9(9) AC:7  Xp:5 T:2600  Fainted  Deaf

Latest messages:
 You can hear again.
 You smite the fog cloud.
 You smite the fog cloud.
 You destroy the fog cloud!
 In what direction? 8
 Ouch!  That hurts!
 You faint from lack of food.
 The gas cloud around you dissipates.
 You regain consciousness.
 Step into that vapor cloud? [yn] (n) y
 You faint from lack of food.
 You regain consciousness.
 You faint from lack of food.
 The gnome zombie hits!
 The gnome zombie hits!
 You regain consciousness.
 You destroy the gnome zombie!
 You can hear again.
 You don't have anything to eat.
 You faint from lack of food.
 You regain consciousness.
 You faint from lack of food.
 You regain consciousness.
 You can hear again.
 You faint from lack of food.
 You regain consciousness.
 You faint from lack of food.
 You regain consciousness.
 You can hear again.
 You faint from lack of food.
 The gnome lord hits!
 The gnome lord hits!
 The gnome lord hits!
 The gnome lord hits!
 The gnome lord hits!
 The gnome lord hits!
 The gnome lord hits!
 The gnome lord hits!
 The gnome lord hits!
 You regain consciousness.
 You faint from lack of food.
 The gnome lord hits!
 The gnome lord hits!
 The gnome lord hits!
 You die...
 Do you want your possessions identified? [ynq] (y) n
 Do you want to see your attributes? [ynq] (y) n
 Do you want an account of creatures vanquished? [ynaq] (y) n
 Do you want to see your conduct and achievements? [ynq] (y) n
 Do you want to see the dungeon overview? [ynq] (y) n

Inventory:
 Coins    ('$')
  $ - 77 gold pieces
 Weapons  (')')
  l - 8 +0 arrows
  q - a +0 bow
  p - a +1 orcish dagger
  r - a +0 orcish dagger
  a - a +0 battle-axe
  b - a +0 short sword (alternate weapon; not wielded)
  i - a cursed +3 silver saber
 Armor    ('[')
  s - an uncursed +0 orcish helm
  c - an uncursed +0 ring mail (being worn)
 Scrolls  ('?')
  k - a blessed scroll of destroy armor
  e - a blessed scroll of light
 Potions  ('!')
  h - an uncursed potion of confusion
  f - an uncursed potion of healing
  t - an uncursed potion of oil
  m - an uncursed potion of see invisible
 Wands    ('/')
  n - a wand of lightning (0:7)
 Boulders/Statues  ('`')
  j - an empty uncursed statue of a lichen

01246791210 the Barbarian's attributes:

Background:
 You were a Pillager, a level 5 male human Barbarian.
 You were neutral, nominally on a mission for Crom
 who was opposed by Mitra (lawful) and Set (chaotic).
 You were right-handed.
 You were in the Dungeons of Doom, on level 4.
 You entered the dungeon 2600 turns ago.
 You had 256 experience points, 64 more were needed to attain level 6.

Basics:
 You had 0 out of 52 hit points.
 You had all 9 energy points (spell power).
 Your armor class was 7.
 Your wallet contained 77 zorkmids.
 Autopickup was off.

Final Characteristics:
 Your strength was 18 (base:18/01, peak:18/02, limit:18/100).
 Your dexterity was 16 (limit:18).
 Your constitution was 18 (limit:18).
 Your intelligence was 7 (limit:18).
 Your wisdom was 7 (limit:18).
 Your charisma was 7 (limit:18).

Final Status:
 You were deaf.
 You were fainted due to starvation.
 You were unencumbered.
 You were bare handed.
 You had basic skill with bare handed combat.

Final Attributes:
 You were piously aligned.
 You were poison resistant.
 You were warded.
 You are dead.

Miscellaneous:
 You didn't encounter any bones levels.
 Total elapsed playing time was 38 minutes and 18 seconds.

Major events:
 Turn
    1: 01246791210 the neutral male human Barbarian entered the dungeon
 1590: attained the rank of Pillager (level 3)
 2600: killed by a gnome lord, while fainted from lack of food

You didn't know any spells.

Skills:
 Fighting Skills
   bare handed combat [Basic]
   two weapon combat  [Unskilled]
   riding             [Unskilled]
 Weapon Skills
   dagger             [Unskilled]
   axe                [Basic]
   pick-axe           [Unskilled]
   short sword        [Basic]
   broadsword         [Unskilled]
   long sword         [Unskilled]
   two-handed sword   [Unskilled]
   saber              [Unskilled]
   club               [Unskilled]
   mace               [Unskilled]
   morning star       [Unskilled]
   flail              [Unskilled]
   hammer             [Unskilled]
   quarterstaff       [Unskilled]
   spear              [Unskilled]
   trident            [Unskilled]
   bow                [Unskilled]
 Spellcasting Skills
   attack spells      [Unskilled]
   escape spells      [Unskilled]

Voluntary challenges:
 Character rerolling was not enabled.
 You were an atheist.
 You were illiterate.
 You never genocided any monsters.
 You never polymorphed an object.
 You never changed form.
 You used no wishes.
Achievements:
 You entered a shop.
 You attained the rank of Pillager.

 The Dungeons of Doom: levels 1 to 4
    Level 1:
       A grave.
    Level 2:
       A wand shop.
    Level 3:
       A wand shop, an altar to Crom, a fountain.
    Level 4: <- You were here.
       A fountain.
       Final resting place for
          you, killed by a gnome lord, while fainted from lack of food.


Vanquished creatures:
  9 fog clouds
  a kitten
  2 iguanas
  a coyote
  a hobgoblin
  a giant rat
  a green mold
  a gnome zombie
  a gecko
  a jackal
  a fox
  2 goblins
  2 sewer rats
  6 grid bugs
  3 lichens
  2 kobold zombies
  6 newts
41 creatures vanquished.

No species were genocided or became extinct.

Game over:
                       ----------
                      /          \
                     /    REST    \
                    /      IN      \
                   /     PEACE      \
                  /                  \
                  |   01246791210    |
                  |      77 Au       |
                  |   killed by a    |
                  |    gnome lord    |
                  |                  |
                  |                  |
                  |       2026       |
                 *|     *  *  *      | *
        _________)/\\_//(\/(/\)/\//\/|_)_______

Goodbye 01246791210 the Barbarian...

You died in The Dungeons of Doom on dungeon level 4 with 1244 points,
and 77 pieces of gold, after 2600 moves.
You were level 5 with a maximum of 52 hit points when you died.

